 Dungeon Sprint DCSS version 0.29.1-2-gbd0b4ee654 (webtiles) character file.

Game seed: 1788174806872106992

536 sanboga the Grappler (level 7, -2/76 HPs)
             Began as a Troll Monk on Nov 20, 2022.
             Was a Priest of Trog.
             Slain by an unseen horror (9 damage)
             ... in the Dungeon (Sprint IX: "|||||||||||||||||||||||||||||").
             The game lasted 00:01:25 (162 turns).

sanboga the Grappler (Troll Monk)                    Turns: 162, Time: 00:01:25

Health: -2/76      AC:  7    Str: 22    XL:     7   Next: 4%
Magic:  6/6        EV: 12    Int:  9    God:    Trog [***...]
Gold:   0          SH:  0    Dex: 12    Spells: 6/6 levels left

rFire   . . .      SeeInvis .     - Unarmed
rCold   . . .      Faith    .   (no shield)
rNeg    . . .      Spirit   .   a - +0 robe
rPois   .          Reflect  .   (helmet restricted)
rElec   .          Harm     .   k - +0 cloak
rCorr   .          Rampage  .   (gloves unavailable)
Will    .....      NoTele   +   (boots unavailable)
Stlth   +++.......              (no amulet)
HPRegen 1.02/turn               l - +2 ring of protection
MPRegen 0.10/turn               m - +3 ring of intelligence

@: on berserk cooldown, slowed, very slow
A: large, unfitting armour, claws 3, regeneration 1, shaggy fur 1, tough skin 1
a: Renounce Religion, Berserk, Trog's Hand


You were in the Dungeon.
You worshipped Trog.
Trog was most pleased with you.
You visited 1 branch

Inventory:

Armour
 a - a +0 robe (worn)
 k - a +0 cloak (worn)
Jewellery
 l - a +2 ring of protection (left claw)
 m - a +3 ring of intelligence (right claw)
Wands
 j - a wand of quicksilver (10)
Scrolls
 h - 2 scrolls of blinking
Potions
 b - a potion of ambrosia
 c - a potion of invisibility
 d - 3 potions of heal wounds
 e - a potion of haste
 f - 4 potions of magic
 g - a potion of berserk rage
 i - 3 potions of curing


   Skills:
 + Level 6.8 Fighting
 + Level 6.8 Dodging
 + Level 4.9 Stealth
 + Level 8.2 Unarmed Combat


You had 6 spell levels left.
You didn't know any spells.
Your spell library was empty.

Dungeon Overview and Level Annotations

Branches:
Dungeon (1/1)

Altars:
Cheibriados
Dithmenos
Elyvilon
Fedhas
Gozag
Hepliaklqana
Kikubaaqudgha
Makhleb
Nemelex Xobeh
Okawaru
Qazlal
Ru
Sif Muna
Trog
Uskayaw
Vehumet
Wu Jian
Xom
Yredelemnul
Zin
The Shining One
Jiyva
Lugonu


Innate Abilities, Weirdness & Mutations

You are too large for most types of armour.
You have claws for hands.
Your natural rate of healing is unusually fast.
You are covered in fur. (AC +1)
You have tough skin. (AC +1)


Message History

You feel yourself slow down.
The howler monkey hoots and howls with incredible vigour!
You hear a shout!
You claw the howler monkey!
You kill the howler monkey!
Trog accepts your kill. The howler monkey barely misses you.
Your Unarmed Combat skill increases to level 8!
You scratch the howler monkey but do no damage.
The howler monkey closely misses you.
You feel better. The howler monkey misses you.
The howler monkey closely misses you.
You closely miss the howler monkey. The howler monkey barely misses you.
You mangle the howler monkey!!
You kill the howler monkey!
Trog accepts your kill. Something completely misses you.
You have reached level 7!
As you close the door, pushing everything out of the way, it creaks loudly!
Something hits you.
Deactivating autopickup; reactivate with Ctrl-A.
Something hits you. Something hits you but does no damage.
Items here: ) [ †††.
Something hits you.
You claw something! Something hits you. Something hits you but does no damage.
Something hits you!
* * * LOW HITPOINT WARNING * * *
You scratch something. Something hits you.
* * * LOW HITPOINT WARNING * * *
Something hits you.
* * * LOW HITPOINT WARNING * * *
You scratch something. Something hits you.
* * * LOW HITPOINT WARNING * * *
Something hits you.
* * * LOW HITPOINT WARNING * * *
Something hits you.
* * * LOW HITPOINT WARNING * * *
Something hits you!
You die... ▓▓▓▓▓▓▓▓▓▓▓▓▓▓▓▓▓▓▓ _'.?)..[[..+.)..@{+ ▓▓▓▓▓▓▓▓▓▓▓▓▓▓▓▓▓▓▓

There were no monsters in sight!

Vanquished Creatures
  A shadow (D)
  A wyvern (D)
  An orc warrior (D)
  3 howler monkeys (D)
  An adder (D)
  2 white imps (D)
  2 dart slugs (D)
  A giant cockroach (D)
  A quokka (D)
  A ball python (D)
  A rat (D)
15 creatures vanquished.

Notes
Turn   | Place    | Note
-------+----------+-------------------------------------------
     0 | D        | sanboga the Troll Monk began the quest for the Orb.
     0 | D        | Reached XP level 1. HP: 22/22 MP: 0/0
    19 | D        | Noticed a howler monkey
    22 | D        | Reached XP level 2. HP: 27/31 MP: 1/1
    36 | D        | Reached skill level 4 in Unarmed Combat
    40 | D        | Reached XP level 3. HP: 6/37 MP: 2/2
    43 | D        | Reached XP level 4. HP: 22/48 MP: 3/3
    73 | D        | Found a snail-covered altar of Cheibriados.
    73 | D        | Found a shadowy altar of Dithmenos.
    73 | D        | Found a white marble altar of Elyvilon.
    73 | D        | Found a blossoming altar of Fedhas.
    73 | D        | Found an opulent altar of Gozag.
    74 | D        | Found a hazy altar of Hepliaklqana.
    75 | D        | Found a viscous altar of Jiyva.
    76 | D        | Found an ancient bone altar of Kikubaaqudgha.
    77 | D        | Found a corrupted altar of Lugonu.
    78 | D        | Found a burning altar of Makhleb.
    79 | D        | Found a sparkling altar of Nemelex Xobeh.
    80 | D        | Found an iron altar of Okawaru.
    81 | D        | Found a stormy altar of Qazlal.
    82 | D        | Found a sacrificial altar of Ru.
    83 | D        | Found a shimmering blue altar of Sif Muna.
    84 | D        | Found a bloodstained altar of Trog.
    85 | D        | Found a hide-covered altar of Uskayaw.
    86 | D        | Found a radiant altar of Vehumet.
    87 | D        | Found an ornate altar of the Wu Jian Council.
    88 | D        | Found a shimmering altar of Xom.
    89 | D        | Found a basalt altar of Yredelemnul.
    90 | D        | Found a glowing silver altar of Zin.
    91 | D        | Found a glowing golden altar of the Shining One.
    92 | D        | Became a worshipper of Trog the Wrathful
    92 | D        | Reached * piety under Trog
    92 | D        | Reached ** piety under Trog
   100 | D        | Found the +7 captain's cutlass {speed, disarm}
   126 | D        | Noticed a wyvern
   126 | D        | Noticed a shadow
   126 | D        | Noticed an orc warrior
   132 | D        | Killed a wyvern
   133 | D        | Reached skill level 5 in Fighting
   133 | D        | Reached skill level 5 in Dodging
   133 | D        | Reached skill level 6 in Unarmed Combat
   133 | D        | Reached XP level 5. HP: 44/57 MP: 4/4
   135 | D        | Killed a shadow
   136 | D        | Reached skill level 7 in Unarmed Combat
   136 | D        | Reached XP level 6. HP: 38/67 MP: 5/5
   146 | D        | Killed an orc warrior
   151 | D        | Reached skill level 8 in Unarmed Combat
   154 | D        | Reached *** piety under Trog
   155 | D        | Reached XP level 7. HP: 37/76 MP: 6/6
   162 | D        | Slain by an unseen horror

Illustrated notes

Levels and vault maps discovered:
D:        linesprint [early_d, line_temple, items_1, d_10, items_2, lair_1,
          lair_end, items_3, orc_1, orc_end, items_4, d_15, swamp_1, shoals_1,
          snake_1, spider_1, d_20, vaults_1, items_5, swamp_end, shoals_end,
          snake_end, spider_end, vaults_end, d_27, items_6, zot_1, zot_end,
          crypt_end, forest_end, elf_end, slime_end, tomb_end, abyss_end,
          pan_hell_end]

Skill      XL: |  1  2  3  4  5  6 |
---------------+-------------------+-----
Fighting       | 3 4 5 6 |  6.8
Dodging        | 3 4 5 6 |  6.8
Stealth        | 2 3 4 |  4.9
Unarmed Combat | 4 6 7 8 |  8.2

Action                   |  1- 3 |  4- 6 |  7- 9 || total
-------------------------+-------+-------+-------++-------
Melee: Unarmed           |    30 |    27 |     3 ||    60
       Punch             |       |     1 |       ||     1
Invok: Berserk           |       |     1 |       ||     1
  Use: Potion            |     1 |     1 |       ||     2
 Stab: Sleeping          |     1 |       |       ||     1
Armor: Robe              |     7 |       |     2 ||     9
Dodge: Dodged            |    10 |    15 |       ||    25
